 Dungeon Crawl Stone Soup version 0.30-a0-652-gcc886f7154 (webtiles) character file.

Game seed: 5420248827877241274

338 bmack86 the Chopper (level 6, 0/55 HPs)
             Began as a Minotaur Fighter on Jan 18, 2023.
             Slain by a gnoll
             ... wielding a +0 spear
             ... led by a gnoll bouda
              (2 damage)
             ... on level 4 of the Dungeon.
             The game lasted 00:05:41 (2285 turns).

bmack86 the Chopper (Minotaur Fighter)              Turns: 2285, Time: 00:05:42

Health: 0/55       AC: 12    Str: 23    XL:     6   Next: 29%
Magic:  5/5        EV:  7    Int:  5    God:
Gold:   211        SH:  4    Dex:  9    Spells: 5/5 levels left

rFire   . . .      SeeInvis .    a - +0 war axe
rCold   . . .      Faith    .    c - +0 buckler
rNeg    . . .      Spirit   .    f - +0 chain mail
rPois   .          Reflect  .    (helmet restricted)
rElec   .          Harm     .    (no cloak)
rCorr   .          Rampage  .    j - +2 pair of gloves
Will    .....                    (no boots) Stlth
                                 (no amulet)
HPRegen 0.29/turn                (no ring)
MPRegen 0.09/turn                (no ring)

@: no status effects
A: horns 2, retaliatory headbutt
a: no special abilities


You were on level 4 of the Dungeon.
You visited 1 branch of the dungeon, and saw 4 of its levels.

You collected 211 gold pieces.

Inventory:

Hand Weapons
 a - a +0 war axe (weapon)
Missiles
 g - 3 datura-tipped darts (quivered)
 m - 9 poisoned darts
Armour
 c - a +0 buckler (worn)
 f - a +0 chain mail (worn)
 j - a +2 pair of gloves (worn)
Jewellery
 p - a ring of wizardry
 q - a +6 ring of intelligence
Wands
 n - a wand of polymorph (11)
Scrolls
 h - a scroll of noise
 i - a scroll of butterflies
Potions
 b - a potion of mutation
 d - a potion of might
 e - 3 potions of flight
 k - a potion of curing
 l - a potion of brilliance {unknown}
 o - 4 potions of heal wounds


   Skills:
 + Level 4.8 Fighting
 * Level 5.1 Axes
 + Level 2.2 Throwing
 + Level 4.7 Armour
 + Level 4.8 Shields


You had 5 spell levels left.
You didn't know any spells.
Your spell library contained the following spells:

 Spells                   Type           Power      Damage    Failure   Level
 Blink                    Tloc           0%         N/A       100%        2
 Sublimation of Blood     Necr           0%         N/A       100%        2
 Manifold Assault         Tloc           0%         N/A       100%        4
 Petrify                  Tmut/Erth      0%         N/A       100%        4
 Irradiate                Conj/Tmut      0%         3d11      100%        5
 Storm Form               Tmut/Air       0%         N/A       100%        7


Dungeon Overview and Level Annotations

Branches:
Dungeon (4/15)
 Temple: D:4-7

Altars:
Uskayaw

Annotations:
D:3 1 runed translucent door, Crazy Yiuf


Innate Abilities, Weirdness & Mutations

You have a pair of horns on your head.
You reflexively headbutt those who attack you in melee.


Message History

The gnoll barely misses you.
The gnoll hits you from afar with a +0 halberd!
The gnoll hits you but does no damage.
You hit the gnoll bouda but do no damage.
Your headbutt misses the gnoll bouda. You slash the gnoll!
You kill the gnoll!
You block the gnoll's attack. The gnoll hits you but does no damage.
The gnoll bouda closely misses you. You furiously retaliate!
You headbutt the gnoll bouda!
The gnoll hits you from afar with a +0 spear.
You closely miss the gnoll bouda.
The gnoll bouda is heavily wounded.
You block the gnoll's attack.
The gnoll hits you from afar with a +0 spear.
The gnoll bouda completely misses you. You furiously retaliate!
You headbutt the gnoll bouda. The gnoll hits you but does no damage.
You closely miss the gnoll bouda.
The gnoll bouda is heavily wounded.
The gnoll closely misses you. x2
The gnoll hits you from afar with a +0 spear.
The gnoll bouda hits you but does no damage.
You hit the gnoll bouda. You headbutt the gnoll bouda.
The gnoll bouda is almost dead.
You block the gnoll's attack. The gnoll hits you but does no damage.
You block the gnoll's attack.
The gnoll bouda calls upon its god to heal the gnoll.
The gnoll's wounds heal themselves!
The gnoll hits you from afar with a +0 halberd.
You hit the gnoll bouda.
You kill the gnoll bouda!
The gnoll hits you from afar with a +0 spear.
* * * LOW HITPOINT WARNING * * *
The gnoll hits you from afar with a +0 spear.
* * * LOW HITPOINT WARNING * * *
The gnoll hits you from afar with a +0 halberd!
* * * LOW HITPOINT WARNING * * *
The gnoll hits you from afar with a +0 spear.
* * * LOW HITPOINT WARNING * * *
The gnoll hits you from afar with a +0 spear.
You die...

# ####..†..###.........
###.........##.........
##.........#..#.........
#...........#.##..>.....
............##.#........
............##..........
...........####..#......
.........### ##))#####.
.....##### #@## ######
#)#


ggg ..... .#..... ###...... #....... #........ You could see 3 gnolls.

Vanquished Creatures
  Sigmund (D:3)
  A hound (D:4)
  A gnoll bouda (D:4)
  Terence (D:3)
  A gnoll (D:4)
  4 adders
  A worm (D:2)
  2 dart slugs (D:2)
  An orc (D:3)
  6 ball pythons
  4 endoplasms
  4 giant cockroaches
  7 goblins
  4 hobgoblins
  3 jackals (D:2)
  10 kobolds
  2 quokkas
  7 bats
  5 frilled lizards
  5 rats
70 creatures vanquished.

Vanquished Creatures (others)
  8 plants (D:1)
8 creatures vanquished.

Grand Total: 78 creatures vanquished

Notes
Turn   | Place    | Note
-------+----------+-------------------------------------------
     0 | D:1      | bmack86 the Minotaur Fighter began the quest for the Orb.
     0 | D:1      | Reached XP level 1. HP: 19/19 MP: 0/0
   196 | D:1      | Reached XP level 2. HP: 27/27 MP: 1/1
   403 | D:1      | Reached skill level 3 in Axes
   675 | D:2      | Reached XP level 3. HP: 31/33 MP: 2/2
   855 | D:2      | Reached skill level 1 in Throwing
   905 | D:2      | Reached XP level 4. HP: 37/40 MP: 3/3
  1624 | D:3      | Noticed Terence
  1637 | D:3      | Killed Terence
  1638 | D:3      | Reached skill level 4 in Axes
  1699 | D:3      | Found a hide-covered altar of Uskayaw.
  1725 | D:3      | Found a runed translucent door.
  1726 | D:3      | Noticed Crazy Yiuf
  2040 | D:3      | Noticed Sigmund
  2045 | D:3      | Killed Sigmund
  2046 | D:3      | Reached skill level 5 in Axes
  2046 | D:3      | Reached XP level 5. HP: 47/47 MP: 4/4
  2046 | D:3      | Reached XP level 6. HP: 53/53 MP: 5/5
  2285 | D:4      | HP: 2/55 [gnoll/+0 spear[a gnoll bouda] (2)]
  2285 | D:4      | Slain by a gnoll

Illustrated notes

Levels and vault maps discovered:
D:1:      dpeg_arrival_long_road, layout_rooms, palyth_stone_intersect,
          lexackson_kobold_supper
D:2:      minmay_general_purpose_star, layout_basic,
          chequers_serial_rivers_large_a
D:3:      layout_basic, mainiacjoe_overflow_catwalk, kennysheep_generic_room_4,
          uniq_sigmund, uniq_crazy_yiuf_cottage, uniq_terence
D:4:      layout_cave_pods, mainiacjoe_overflow_brackets, hangedman_ru_absence,
          uniq_edmund, uniq_duvessa

Skill      XL: |  1  2  3  4 |
---------------+-------------+-----
Axes           | 3 5 |  5.1
Fighting       | 4 |  4.8
Shields        | 4 |  4.8
Armour         | 4 |  4.7
Throwing       | 1 2 |  2.2

Action                   |  1- 3 |  4- 6 || total
-------------------------+-------+-------++-------
Melee: War axe           |    89 |    64 ||   153
       Headbutt          |     8 |     9 ||    17
  Use: Scroll            |     4 |     7 ||    11
Armor: Chain mail        |    51 |    51 ||   102
       Scale mail        |     1 |       ||     1
Dodge: Dodged            |    35 |    30 ||    65
Block: Buckler           |    20 |    14 ||    34

Table legend: (Time is in decaauts)
 A = Elapsed time spent in this place.
 B = Non-inter-level travel time spent in this place.
 C = Inter-level travel time spent in this place.
 D = Time resting spent in this place.
 E = Time spent auto-exploring this place.
 F = Levels seen in this place.
 G = Mean time per level.
                   A        B        C        D        E       F      G
               +--------+--------+--------+--------+--------+-----+--------+
         Total |   2345 |   2256 |     89 |     38 |   1464 |   4 |  586.2 |
       Dungeon |   2345 |   2256 |     89 |     38 |   1464 |   4 |  586.2 |
               +--------+--------+--------+--------+--------+-----+--------+

Top non-repeatable levels by time:
     D:2: 867 daAuts
     D:3: 745 daAuts
     D:1: 631 daAuts
     D:4: 100 daAuts
